 Dungeon Crawl Stone Soup version 0.28-a0-1002-gf00fe891ef (webtiles) character file.

Game seed: 10277754732401561131

86 ffractal the Cutter (level 4, -1/33 HPs)
             Began as a Vampire Gladiator on Dec 6, 2021.
             Was a Follower of Ru.
             Slain by an orc (3 damage)
             ... on level 3 of the Dungeon.
             The game lasted 00:10:12 (1950 turns).

ffractal the Cutter (Vampire Gladiator)             Turns: 1950, Time: 00:10:13

Health: -1/33      AC:  4    Str: 15    XL:     4   Next: 27%
Magic:  4/4        EV: 13    Int: 10    God:    Ru [*.....]
Gold:   82         SH:  0    Dex: 15    Spells: 3/3 levels left

rFire   . . .      SeeInvis +   a - +0 rapier
rCold   . . .      Faith    .   (no shield)
rNeg    . . .      Spirit   .   b - +0 leather armour
rPois   .          Reflect  .   c - +0 helmet
rElec   .          Harm     .   (no cloak)
rCorr   .          Rampage  .   (no gloves)
Will    .....                   (no boots)
Stlth   +.........              (no amulet)
HPRegen 0.31/turn               (no ring)
MPRegen 0.09/turn               (no ring)

@: healing quickly
A: alive, fangs 3, see invisible, hated by all, vampiric 2
a: Exsanguinate, Renounce Religion


You were on level 3 of the Dungeon.
You worshipped Ru.
Ru was aware of your devotion.
You visited 1 branch of the dungeon, and saw 3 of its levels.

You collected 82 gold pieces.

Inventory:

Hand Weapons
 a - a +0 rapier (weapon)
 s - a +0 short sword
Missiles
 d - 3 throwing nets (quivered)
 j - 59 stones
 q - 28 sling bullets
 r - 22 bolts
Armour
 b - a +0 leather armour (worn)
 c - a +0 helmet (worn)
Wands
 t - a wand of iceblast (3)
Scrolls
 e - a scroll of immolation {unknown}
 g - a scroll of noise {unknown}
 h - a scroll of amnesia {unknown}
 i - a scroll of vulnerability {unknown}
 k - a scroll of holy word {unknown}
 l - a scroll of identify {unknown}
 m - a scroll of teleportation {unknown}
Potions
 f - a potion of berserk rage {unknown}
 n - a potion of lignification {unknown}
 o - a potion of might {unknown}
 p - 2 potions of haste {unknown}
 u - 2 potions of curing {unknown}


   Skills:
 + Level 2.2 Fighting
 + Level 4.3 Short Blades
 + Level 1.8 Throwing
 + Level 1.0 Armour
 + Level 4.1 Dodging
 + Level 0.2 Stealth


You had 3 spell levels left.
You didn't know any spells.
Your spell library was empty.

Dungeon Overview and Level Annotations

Branches:
Dungeon (3/15)

Altars:
Ru
Xom

Shops:
D:1 *


Innate Abilities, Weirdness & Mutations

Your natural rate of healing is accelerated.
You have razor-sharp teeth.
You have supernaturally acute eyesight. (SInv)
You are hated by all.
You are afflicted with vampirism and can become a bat while bloodless.


Message History

The water moccasin zombie is moderately damaged.
The water moccasin zombie bites you.
The orc is stunned by your conviction and fails to attack.
The water moccasin zombie closely misses you.
The water moccasin zombie bites you.
You hit the orc but do no damage. The orc hits you with a +0 dagger.
The water moccasin zombie barely misses you.
You completely miss the orc. The orc hits you but does no damage.
The water moccasin zombie bites you but does no damage.
You barely miss the orc. The orc hits you with a +0 dagger.
The water moccasin zombie bites you. The water moccasin zombie bites you.
You puncture the water moccasin zombie!
The water moccasin zombie is heavily damaged.
You hit the orc but do no damage. You barely miss the orc. The orc misses you.
You hit the orc but do no damage. The orc barely misses you.
You barely miss the orc.
The orc is stunned by your conviction and fails to attack.
You hit the orc but do no damage. You bite the orc, but do no damage.
The orc hits you with a +0 dagger.
You barely miss the orc. The orc completely misses you.
You barely miss the orc. The orc hits you with a +0 dagger.
* * * LOW HITPOINT WARNING * * *
You completely miss the orc. The orc barely misses you.
You barely miss the orc. The orc hits you with a +0 dagger.
* * * LOW HITPOINT WARNING * * *
A hobgoblin comes into view.
A goblin comes into view. It is wielding a +0 dagger.
The goblin shouts!
The goblin moves out of view.
You hit the orc but do no damage. You bite the orc, but do no damage.
The orc hits you with a +0 dagger.
* * * LOW HITPOINT WARNING * * *
You closely miss the orc. The orc closely misses you.
You hit the orc but do no damage. The water moccasin zombie bites you.
* * * LOW HITPOINT WARNING * * *
An orc comes into view. It is wielding a +0 hand axe.
The orc hits you with a +0 dagger.
You die...

#####.......#.#...
#....#....##....#
#.........#....##
#....#....#....#
#....#....#....#
#....#........###..
#....#.............
#....#....#oZ#....
#.. #.####@#...#.
#.# #.#..## ... ...
... ##.. ..... #..
#......#.. g.
......... .
.......##..
.o.##### ...


You could see 2 orcs and a water moccasin zombie.

Vanquished Creatures
  Jessica (D:2)
  An adder (D:2)
  6 dart slugs
  4 bats
  2 endoplasms (D:1)
  A goblin (D:2)
  6 hobgoblins
  4 jackals (D:2)
  5 ball pythons
  4 frilled lizards
  2 kobolds
  3 rats
39 creatures vanquished.

Vanquished Creatures (others)
  A ball python (D:3)
  A rat (D:2)
2 creatures vanquished.

Grand Total: 41 creatures vanquished

Notes
Turn   | Place    | Note
-------+----------+-------------------------------------------
     0 | D:1      | ffractal the Vampire Gladiator began the quest for the Orb.
     0 | D:1      | Reached XP level 1. HP: 16/16 MP: 1/1
   225 | D:1      | Reached XP level 2. HP: 22/22 MP: 2/2
   276 | D:1      | Found Rataxag's Assorted Antiques.
   818 | D:1      | Gained mutation: You are afflicted with vampirism and can
                  | become a bat while bloodless. [Vampire growth]
   818 | D:1      | Reached XP level 3. HP: 23/27 MP: 3/3
   909 | D:2      | Found a shimmering altar of Xom.
  1036 | D:2      | Found a faded altar of an unknown god.
  1122 | D:2      | Prayed at the altar of an unknown god.
  1122 | D:2      | Became a worshipper of Ru the Awakened
  1144 | D:2      | Gained mutation: You are hated by all. [Ru sacrifice]
  1144 | D:2      | Reached * piety under Ru
  1325 | D:2      | Noticed Jessica
  1330 | D:2      | Killed Jessica
  1331 | D:2      | Reached XP level 4. HP: 33/33 MP: 4/4
  1860 | D:3      | Reached skill level 1 in Armour
  1950 | D:3      | Slain by an orc

Illustrated notes

Levels and vault maps discovered:
D:1:      lordsloth_arrival_two_stooges, layout_basic, serial_shops,
          nicolae_shop_waterfront, chequers_serial_rivers_micro_d
D:2:      kennysheep_big_flooded_room, layout_basic, basic_altar,
          basic_ecumenical_altar, uniq_jessica
D:3:      layout_rooms, mainiacjoe_overflow_two_lobes

Skill      XL: |  1  2  3  4 |
---------------+-------------+-----
Fighting       | 2 |  2.2
Short Blades   | 4 |  4.3
Dodging        | 4 |  4.1
Armour         | 1 |  1.0
Throwing       | |  1.8
Stealth        | |  0.2

Action                   |  1- 3 |  4- 6 || total
-------------------------+-------+-------++-------
Melee: Rapier            |   105 |    35 ||   140
       Bite              |    11 |     4 ||    15
Invok: Sacrifice Love    |     1 |       ||     1
Armor: Leather armour    |    60 |     8 ||    68
Dodge: Dodged            |   127 |    28 ||   155

Table legend: (Time is in decaauts)
 A = Elapsed time spent in this place.
 B = Non-inter-level travel time spent in this place.
 C = Inter-level travel time spent in this place.
 D = Time resting spent in this place.
 E = Time spent auto-exploring this place.
 F = Levels seen in this place.
 G = Mean time per level.
                   A        B        C        D        E       F      G
               +--------+--------+--------+--------+--------+-----+--------+
         Total |   1951 |   1951 |      0 |     23 |    602 |   3 |  650.3 |
       Dungeon |   1951 |   1951 |      0 |     23 |    602 |   3 |  650.3 |
               +--------+--------+--------+--------+--------+-----+--------+

Top non-repeatable levels by time:
     D:2: 949 daAuts
     D:1: 907 daAuts
     D:3: 94 daAuts
